 Dungeon Crawl Stone Soup version 0.21-a0-163-g3aa3f5d (webtiles) character file.

4731 4thArraOfDagon the Fighter (level 10, -2/82 HPs)
             Began as a Mummy Enchanter on Aug 5, 2017.
             Was an Elder of Yredelemnul.
             Killed from afar by namelastname112's ghost (24 damage)
             ... with a shard of ice
             ... on level 10 of the Dungeon.
             The game lasted 00:34:24 (10459 turns).

4thArraOfDagon the Fighter (Mummy Enchanter)       Turns: 10459, Time: 00:34:26

Health: -2/82      AC:  9    Str: 13    XL:     10   Next: 22%
Magic:  14/14      EV: 14    Int: 19    God:    Yredelemnul [****..]
Gold:   369        SH:  0    Dex: 12    Spells: 8/14 levels left

rFire    x . .     SeeInvis .   H - +2 great sword (curse)
rCold    + . .     Gourm    .   (shield currently unavailable)
rNeg     + + +     Faith    +   r - +2 robe {MR+}
rPois    ∞         Spirit   .   (no helmet)
rElec    .         Reflect  .   (no cloak)
rCorr    .         Harm     .   C - +0 pair of gloves
MR       ++...                  D - +1 pair of boots
Stlth    ++........             n - amulet of faith
HPRegen  0.23/turn              u - +2 ring of protection
MPRegen  0.14/turn              f - +2 ring of intelligence

@: no status effects
A: no food or potions, fire vulnerability, cold resistance 1, negative energy
resistance 3, torment resistance, unbreathing
a: Recall Undead Slaves, Injury Mirror, Animate Dead, Drain Life, Renounce
Religion


You were on level 10 of the Dungeon.
You worshipped Yredelemnul.
Yredelemnul was greatly pleased with you.
You were not hungry.

You visited 1 branch of the dungeon, and saw 10 of its levels.

You collected 369 gold pieces.

Inventory:

Hand Weapons
 t - a +2 flail of venom
 F - a +1 war axe of freezing
 H - a cursed +2 great sword (weapon)
 J - a +3 long sword
 Q - a +3 falchion of flaming
Missiles
 P - 3 curare-tipped needles
Armour
 b - a +0 robe
 e - a +0 ring mail
 j - +1 ice dragon scales
 r - a +2 robe of magic resistance (worn)
 w - a +0 chain mail
 y - a +0 ring mail
 C - a +0 pair of gloves (worn)
 D - a +1 pair of boots (worn)
Magical Staves
 l - an uncursed staff of earth
Jewellery
 f - a +2 ring of intelligence (right hand)
 h - an uncursed amulet of inaccuracy
 n - an amulet of faith (around neck)
 q - an uncursed ring of teleportation
 s - an uncursed ring of wizardry
 u - a +2 ring of protection (left hand)
Wands
 o - a wand of paralysis (0/24)
 A - a wand of confusion (13/48)
 E - a wand of iceblast (4/15)
 G - a wand of lightning (3/15)
 K - a wand of confusion (29/48)
 L - a wand of polymorph (11/24)
 M - a wand of iceblast (1/15)
Scrolls
 g - a scroll of identify
 i - 4 scrolls of fear
 k - a scroll of magic mapping
 m - 5 scrolls of teleportation
 v - 2 scrolls of immolation {unknown}
 x - a scroll of enchant armour
 z - a scroll of vulnerability {unknown}
 B - 2 scrolls of fog
 O - a scroll of remove curse
Books
 a - a book of Misfortune

   Spells                             Type                      Level
   a - Confusing Touch                Hexes                        1
   b - Confuse                        Hexes                        3
   c - Gell's Gravitas                Translocation                3
   d - Petrify                        Transmutation/Earth          4
   e - Metabolic Englaciation         Hexes/Ice                    5
   f - Yara's Violent Unravelling     Hexes/Transmutation          5
 c - a book of Maledictions

   Spells                             Type                      Level
   a - Corona                         Hexes                        1
   b - Ensorcelled Hibernation        Hexes/Ice                    2
   c - Confuse                        Hexes                        3
   d - Tukima's Dance                 Hexes                        3
   e - Dazzling Spray                 Conjuration/Hexes            3
Miscellaneous
 N - a fan of gales


   Skills:
 + Level 8.8 Fighting
   Level 4.0(5.0) Short Blades
 * Level 4.4(5.2) Long Blades
 + Level 4.4 Armour
 + Level 5.1 Dodging
 - Level 2.4 Stealth
 - Level 2.6 Spellcasting
 - Level 2.6 Hexes
 + Level 2.8 Invocations
 - Level 3.0 Evocations


You had 8 spell levels left.
You knew the following spells:

 Your Spells              Type           Power        Failure   Level  Hunger
a - Corona                Hex            ##.....      5%          1    N/A
b - Ensorcelled Hibernat  Hex/Ice        #.....       14%         2    N/A
c - Confuse               Hex            ##......     16%         3    N/A

Dungeon Overview and Level Annotations

Branches:
Dungeon (10/15)            Temple (0/1) D:4             Orc (0/2) D:9
   Lair: D:8-11

Altars:
Ashenzari
Fedhas
Nemelex Xobeh
Okawaru
Trog
Yredelemnul

Annotations:
D:9 2 transporters
D:10 namelastname112's ghost, journeyman DrWn


Innate Abilities, Weirdness & Mutations

You do not eat or drink.
Your flesh is vulnerable to fire.
You are immune to poison.
Your flesh is cold resistant. (rC+)
You are immune to negative energy. (rN+++)
You are immune to unholy pain and torment.
You can survive without breathing.


Message History

Your flying skull hits namelastname112's ghost.
Namelastname112's ghost gestures at you while chanting.
The shard of ice hits you! You partially resist.
Your centaur zombie misses namelastname112's ghost.
Your orc zombie barely misses namelastname112's ghost.
Unknown command.
You barely miss namelastname112's ghost.
Namelastname112's ghost is moderately damaged.
Your flying skull hits namelastname112's ghost but does no damage.
Your centaur zombie hits namelastname112's ghost.
Namelastname112's ghost points at you and mumbles some strange words.
The shard of ice hits you! You partially resist.
* * * LOW HITPOINT WARNING * * *
Your flying skull misses namelastname112's ghost.
Your centaur zombie closely misses namelastname112's ghost.
Your orc zombie closely misses namelastname112's ghost.
Namelastname112's ghost gestures at you while chanting.
The shard of ice hits you! You partially resist.
You die...
Yredelemnul claims you as an undead slave.

...###.# .# #..##
.......#..# #...####
.....#.#.# #......#
.....#... #.#..#.##.
.....#.# ##.#.<.....
.......# ##...?......
......## ##.(().......
....#.#######..#ZzZ......
....#.......(.ZZ@W......W
....>##........##........
#.....#.........##.......
##..#...........# ###..##
............###...# .##
.....######..# ##.# #
.....### ##.# ...
........ .# ... ......#
.. ..


You could see namelastname112's ghost, a friendly flying skull, 2 friendly orc
zombies, a friendly orc wizard zombie and a friendly centaur zombie.

Vanquished Creatures
  A troll (D:8)
  An ice beast (D:4)
  3 orc warriors
  A phantom (D:4)
  2 sky beasts
  4 centaurs
  A big kobold (D:9)
  3 bullfrogs
  A wyvern skeleton (D:9)
  2 wights (D:8)
  2 killer bees (D:9)
  3 howler monkeys
  A quasit (D:4)
  2 hounds
  A jelly (D:5)
  A centaur skeleton (D:4)
  Jessica (D:3)
  4 iguanas
  7 orc wizards
  6 worker ants
  A hound zombie (D:8)
  A howler monkey zombie (D:7)
  A worker ant zombie (D:6)
  A howler monkey skeleton (D:6)
  8 adders
  A shadow imp (D:7)
  An adder skeleton (D:6)
  An adder zombie (D:5)
  A worm (D:5)
  3 dart slugs
  5 leopard geckos
  15 orcs
  4 giant cockroaches
  11 goblins
  5 hobgoblins
  9 jackals
  5 quokkas
  3 bats
  8 frilled lizards
  3 kobolds
  A leopard gecko skeleton (D:5)
  An orc skeleton (D:9)
  A quokka zombie (D:5)
  6 rats
  A spectral orc (D:4)
144 creatures vanquished.

Vanquished Creatures (collateral kills)
  A hydra (D:9)
  A two-headed ogre (D:9)
  Pikel (D:9)
  A hippogriff (D:10)
  2 dream sheep (D:9)
  2 yaks (D:9)
  A hungry ghost (D:8)
  A black bear (D:10)
  A phantom (D:5)
  2 sky beasts
  A centaur (D:10)
  2 big kobolds (D:9)
  A wyvern skeleton (D:9)
  4 killer bees (D:9)
  2 wights (D:8)
  A howler monkey (D:7)
  A centaur zombie (D:10)
  2 crimson imps
  A bullfrog skeleton (D:5)
  A centaur skeleton (D:7)
  A hound (D:9)
  2 orc wizards
  3 iguanas
  A worker ant (D:4)
  A killer bee zombie (D:8)
  A hound skeleton (D:8)
  An adder (D:5)
  An adder skeleton (D:8)
  9 orcs
  3 jackals
52 creatures vanquished.

Vanquished Creatures (others)
  2 flying skulls
  2 slaves (D:9)
  An ogre (D:9)
  A wight (D:9)
  2 centaur zombies
  A bullfrog zombie (D:8)
  A black bear zombie (D:10)
  A sky beast zombie (D:8)
  3 worker ant zombies
  A howler monkey zombie (D:5)
  2 iguana zombies
  2 adder zombies
  6 orcs
  A jackal zombie (D:4)
  A leopard gecko zombie (D:7)
  2 orc skeletons (D:9)
  7 orc zombies
  A plant (D:9)
37 creatures vanquished.

Grand Total: 233 creatures vanquished

Notes
Turn   | Place    | Note
-------+----------+-------------------------------------------
     0 | D:1      | 4thArraOfDagon the Mummy Enchanter began the quest for the Orb.
     0 | D:1      | Reached XP level 1. HP: 13/13 MP: 4/4
    57 | D:1      | Reached skill level 1 in Short Blades
   292 | D:1      | AcousticBigger: iNTENSE MuMMER GaMEPLAY
   324 | D:1      | Reached XP level 2. HP: 14/19 MP: 0/5
   347 | D:1      | Learned a level 2 spell: Ensorcelled Hibernation
   807 | D:4      | Found a basalt altar of Yredelemnul.
   816 | D:4      | Became a worshipper of Yredelemnul the Dark
  1003 | D:3      | Reached XP level 3. HP: 24/24 MP: 5/7
  1051 | D:3      | AcousticBigger: dang someone got memed on
  1318 | D:2      | Found a bloodstained altar of Trog.
  1318 | D:2      | Found a blossoming altar of Fedhas.
  1658 | D:1      | Reached * piety under Yredelemnul
  2050 | D:2      | AcousticBigger: amulet of inacc, no rcurse, ida on mummy
  2229 | D:2      | AcousticBigger: top meme
  2377 | D:2      | Learned a level 3 spell: Confuse
  2670 | D:3      | Reached XP level 4. HP: 30/30 MP: 3/8
  2694 | D:3      | Found a shattered altar of Ashenzari.
  2695 | D:3      | Found a sparkling altar of Nemelex Xobeh.
  2924 | D:3      | Noticed Jessica
  2939 | D:3      | Killed Jessica
  3256 | D:4      | 4thArraOfDagon: high class memes
  3260 | D:4      | Found a staircase to the Ecumenical Temple.
  3304 | D:4      | AcousticBigger: yred with no death cobs
  3309 | D:4      | Reached XP level 5. HP: 35/35 MP: 9/9
  3320 | D:4      | AcousticBigger: bourgeoise maymays
  3415 | D:5      | Entered Level 5 of the Dungeon
  3453 | D:4      | Noticed a phantom
  3535 | D:4      | AcousticBigger: at least none of these memes are as lethal as the game not generating teleport scrolls on a ^Chei game
  3663 | D:4      | Reached skill level 1 in Fighting
  3663 | D:4      | Reached skill level 1 in Invocations
  3894 | D:5      | Noticed a centaur
  3903 | D:5      | Killed a centaur
  3903 | D:5      | Reached skill level 2 in Fighting
  3903 | D:5      | Reached XP level 6. HP: 44/44 MP: 7/10
  4260 | D:9      | Noticed a slave
  4759 | D:7      | Reached skill level 3 in Fighting
  5093 | D:6      | Found an iron altar of Okawaru.
  5229 | D:5      | Reached skill level 4 in Fighting
  5288 | D:5      | Reached XP level 7. HP: 39/54 MP: 7/11
  5688 | D:4      | Reached ** piety under Yredelemnul
  5688 | D:4      | Reached skill level 5 in Fighting
  6186 | D:5      | Reached skill level 6 in Fighting
  6815 | D:5      | Reached skill level 1 in Armour
  6815 | D:5      | Reached XP level 8. HP: 35/65 MP: 10/12
  7245 | D:6      | Reached skill level 7 in Fighting
  7898 | D:7      | Reached *** piety under Yredelemnul
  8544 | D:8      | Reached skill level 1 in Evocations
  8645 | D:8      | Received a gift from Yredelemnul (a wight)
  9247 | D:8      | Reached XP level 9. HP: 40/73 MP: 13/13
  9472 | D:9      | Noticed a troll
  9571 | D:8      | Killed a troll
  9571 | D:8      | Reached skill level 1 in Long Blades
  9776 | D:9      | Found a transporter.
  9821 | D:9      | Reached skill level 8 in Fighting
  9823 | D:9      | Received a gift from Yredelemnul (3 flying skulls)
  9834 | D:9      | Noticed Pikel
  9842 | D:9      | Killed Pikel
  9852 | D:9      | Found a transporter.
  9989 | D:9      | Noticed a two-headed ogre
  9995 | D:9      | Killed a two-headed ogre
 10046 | D:9      | Found a staircase to the Orcish Mines.
 10213 | D:9      | Reached **** piety under Yredelemnul
 10235 | D:9      | Reached XP level 10. HP: 82/82 MP: 12/14
 10258 | D:9      | Noticed a three-headed hydra
 10268 | D:9      | Killed a three-headed hydra
 10268 | D:9      | Reached skill level 5 in Dodging
 10342 | D:10     | Entered Level 10 of the Dungeon
 10432 | D:10     | Noticed namelastname112's ghost (journeyman DrWn)
 10459 | D:10     | Killed from afar by namelastname112's ghost

Vault maps used:
D:1:      dpeg_arrival_orchard, hangedman_decor_clover_reticule,
          serial_park_tiny_1, hangedman_abyss_or_decor_stabs,
          minmay_tree_intersection
D:2:      amethyst_overflow_temple_binary
D:3:      nicolae_overflow_hidden_temple, kennysheep_jessica_study
D:4:      minmay_diamond_boxcup, yredelemnul_forgotten_temple_becter,
          temple_fountains
D:5:      first_bread, st_stairs_4, nrook_pool_corridor,
          hangedman_abyss_or_decor_stagger
D:6:      lemuel_round_altar, item_on_display_a
D:9:      gammafunk_steamed_eel, david_orc_2, special_room, hangedman_ranch,
          minmay_strange_pillars, uniq_pikel
D:10:     minmay_misc_feat_alley

Skill      XL: |  1  2  3  4  5  6  7  8  9 10 |
---------------+-------------------------------+-----
Short Blades   | 1 2 3 4 |  4.0
Dodging        | 2 3 4 5 |  5.1
Fighting       | 2 4 6 7 8 |  8.8
Invocations    | 1 2 |  2.8
Armour         | 1 3 4 |  4.4
Evocations     | 2 3 |  3.0
Long Blades    | 4 |  4.4
Stealth        | |  2.4
Spellcasting   | |  2.6
Hexes          | |  2.6

Action                   |  1- 3 |  4- 6 |  7- 9 | 10-12 || total
-------------------------+-------+-------+-------+-------++-------
Melee: Dagger            |    52 |       |       |       ||    52
       Rapier            |    89 |    77 |    80 |       ||   246
       Flail             |       |       |   196 |       ||   196
       Bardiche          |       |       |    19 |       ||    19
       Great sword       |       |       |    69 |    18 ||    87
 Cast: Corona            |    13 |       |       |       ||    13
       Ensorcelled Hiber |    19 |    32 |    10 |       ||    61
       Confuse           |       |     2 |     9 |       ||    11
Invok: Animate Remains   |       |     8 |     9 |       ||    17
       Recall Undead Sla |       |       |     6 |       ||     6
       Animate Dead      |       |       |    14 |     4 ||    18
Evoke: Wand              |       |       |    18 |       ||    18
  Use: Scroll            |     8 |     2 |    11 |       ||    21
 Stab: Sleeping          |    23 |    18 |     6 |       ||    47
       Confused          |       |     1 |     4 |       ||     5
       Distracted        |       |     2 |     3 |       ||     5
       Paralysed         |       |       |     5 |       ||     5
Armor: Robe              |    18 |     5 |   114 |    10 ||   147
       Ice dragon scales |       |       |    15 |       ||    15
       Ring mail         |       |       |     5 |       ||     5
Dodge: Dodged            |    82 |    51 |   295 |    24 ||   452
       Rpst.: Great sword |       |       |    12 |     7 ||    19
